Unix NetHack Version 5.0.0-0 post-release - last build May 17 2026 04:57:42 (dc50c8380fa5e20985bfe3072449f57b8d9895ef,branch:main).

Game began 2026-05-19 13:06:28, ended 2026-05-19 13:19:07.

Drastanta, lawful female dwarven Valkyrie

                                   ------                          ------
              -----                |....|                          |<...|
               ...                 |....|                          |...{|
              |>..                 |....|      --------------      .....|
              |..                  |.....######-.............#     -|----
              |[.                  |....|#     |............|###    #
              |.                  #-..%.|      |............| ##    #
               a                  #------      -------------- ##    ##
               @####              #                         ####     #
                   #              #                            ##    ##
                   #              #                             ##    #
                   %              #                              # ---|-------
                   #              #                              # |...%..`..|
               ----|--            #                              # |..)%.....|
               |p....|    --------#                              ##..........|
               |..(..|    |......|#                                |.........|
               |......##  |......|#                                -----------
               |......####.......-#
               ----...## #.-------

Drastanta the Skirmisher    St:18/01 Dx:13 Co:20 In:8 Wi:8 Ch:7  Lawful
Dlvl:5  $:109 HP:0(60) Pw:8(8) AC:6  Xp:5 T:1522  Burdened

Latest messages:
 The door opens.
 The giant ant bites!
 You hit the giant ant!
 The giant ant misses!
 You miss the giant ant.
 The giant ant just misses!
 The giant ant bites!
 You miss the giant ant.
 The giant ant bites!
 The giant ant bites!
 You miss the giant ant.
 The giant ant bites!
 The giant ant bites!
 You kill the giant ant!
 The giant ant bites!
 The giant ant bites!
 The giant ant bites!
 The giant ant bites!
 You kill the giant ant!
 The giant ant bites!
 You miss the giant ant.
 The giant ant bites!
 The giant ant bites!
 The giant ant bites!
 The giant ant bites!
 You miss the giant ant.
 The giant ant bites!
 The giant ant bites!
 You kill the giant ant!
 The giant ant bites!
 You kill the giant ant!
 You see here a giant ant corpse.
 The giant ant bites!
 The giant ant bites!
 The giant ant bites!
 The giant ant bites!
 You hit the giant ant!
 The giant ant bites!
 The giant ant bites!
 You hit the giant ant!
 The giant ant bites!
 The giant ant bites!
 You miss the giant ant.
 The giant ant bites!
 You die...
 Do you want your possessions identified? [ynq] (y) n
 Do you want to see your attributes? [ynq] (y) n
 Do you want an account of creatures vanquished? [ynaq] (y) n
 Do you want to see your conduct and achievements? [ynq] (y) n
 Do you want to see the dungeon overview? [ynq] (y) n

Inventory:
 Coins    ('$')
  $ - 109 gold pieces
 Weapons  (')')
  b - a +0 dagger (alternate weapon; not wielded)
  a - a +1 dwarvish spear (weapon in right hand)
 Armor    ('[')
  t - a cursed +0 orcish helm
  c - an uncursed +3 small shield (being worn)
  u - a cursed +1 dwarvish cloak
  v - an uncursed +2 leather cloak
  D - an uncursed +0 chain mail
  w - an uncursed +0 ring mail
 Comestibles  ('%')
  p - an uncursed partly eaten food ration
  x - 2 cursed food rations
  C - 2 uncursed fortune cookies
 Scrolls  ('?')
  r - an uncursed scroll of amnesia
  o - an uncursed scroll of charging
  n - an uncursed scroll of confuse monster
  q - an uncursed scroll of destroy armor
  E - an uncursed scroll of enchant armor
  l - an uncursed scroll of food detection
  g - an uncursed scroll of identify
  h - an uncursed scroll of light
  k - 2 uncursed scrolls of magic mapping
  j - an uncursed scroll of stinking cloud
 Spellbooks  ('+')
  m - an uncursed spellbook of detect food
  f - an uncursed spellbook of remove curse
 Potions  ('!')
  s - an uncursed potion of sickness
 Rings    ('=')
  i - an uncursed ring of cold resistance
 Tools    ('(')
  y - an empty cursed sack
  z - a cursed magic whistle
  e - an uncursed oil lamp
  A - a cursed +0 pick-axe
 Gems/Stones  ('*')
  B - an uncursed touchstone

Drastanta the Valkyrie's attributes:

Background:
 You were a Skirmisher, a level 5 dwarven Valkyrie.
 You were lawful, nominally on a mission for Tyr
 who was opposed by Odin (neutral) and Loki (chaotic).
 You were right-handed.
 You were in the Dungeons of Doom, on level 5.
 You entered the dungeon 1522 turns ago.
 There was a new moon in effect when your adventure ended.
 You had 251 experience points, 69 more were needed to attain level 6.

Basics:
 You had 0 out of 60 hit points.
 You had all 8 energy points (spell power).
 Your armor class was 6.
 Your wallet contained 109 zorkmids.
 Autopickup was off.

Final Characteristics:
 Your strength was 18/01 (limit:18/100).
 Your dexterity was 13 (limit:20).
 Your constitution was 20 (limit:20).
 Your intelligence was 8 (limit:16).
 Your wisdom was 8 (limit:16).
 Your charisma was 7 (limit:16).

Final Status:
 You weren't hungry.
 You were burdened; movement was slightly slowed.
 You were wielding a spear.
 You had basic skill with spear.

Final Attributes:
 You were devoutly aligned.
 You were cold resistant.
 You had infravision.
 You were stealthy.
 You are dead.

Miscellaneous:
 You encountered 1 bones level.
 Total elapsed playing time was 12 minutes and 38 seconds.

Major events:
 Turn
    1: Drastanta the lawful dwarven Valkyrie entered the dungeon
  397: entered the Gnomish Mines
  533: attained the rank of Skirmisher (level 3)
 1522: killed by a giant ant

You didn't know any spells.

Skills:
 Fighting Skills
   bare handed combat [Unskilled]
   two weapon combat  [Unskilled]
   riding             [Unskilled]
 Weapon Skills
   dagger             [Basic]
   axe                [Unskilled]
   pick-axe           [Unskilled]
   short sword        [Unskilled]
   broadsword         [Unskilled]
   long sword         [Unskilled]
   two-handed sword   [Unskilled]
   saber              [Unskilled]
   hammer             [Unskilled]
   quarterstaff       [Unskilled]
   polearms           [Unskilled]
   spear              [Basic]
   trident            [Unskilled]
   lance              [Unskilled]
   sling              [Unskilled]
 Spellcasting Skills
   attack spells      [Unskilled]
   escape spells      [Unskilled]

Voluntary challenges:
 Character rerolling was not enabled.
 You followed a strict vegan diet.
 You were an atheist.
 You were illiterate.
 You never genocided any monsters.
 You never polymorphed an object.
 You never changed form.
 You used no wishes.
Achievements:
 You entered the Gnomish Mines.
 You entered a shop.
 You attained the rank of Skirmisher.

 The Dungeons of Doom: levels 1 to 5
    Level 1:
    Level 2:
       Stairs down to The Gnomish Mines.
    Level 3:
       A scroll shop, a fountain, a grave.
    Level 4:
       A fountain.
       Final resting place for
          ksw-Arc-Hum-Mal-Law, killed by a giant ant.
    Level 5: <- You were here.
       A sink.
       Final resting place for
          you, killed by a giant ant.
 The Gnomish Mines:
    Level 3:


Vanquished creatures:
  a ghost
  2 small mimics
  a rock mole
  5 giant ants
  a little dog
  2 hill orcs
  a coyote
  a hobgoblin
  a giant rat
  3 cave spiders
  3 garter snakes
  2 jackals
  a fox
  a kobold
  a goblin
  a sewer rat
  4 lichens
  a kobold zombie
  3 newts
35 creatures vanquished.

No species were genocided or became extinct.

Game over:
                       ----------
                      /          \
                     /    REST    \
                    /      IN      \
                   /     PEACE      \
                  /                  \
                  |    Drastanta     |
                  |      109 Au      |
                  |   killed by a    |
                  |    giant ant     |
                  |                  |
                  |                  |
                  |       2026       |
                 *|     *  *  *      | *
        _________)/\\_//(\/(/\)/\//\/|_)_______

Farvel Drastanta the Valkyrie...

You died in The Dungeons of Doom on dungeon level 5 with 1303 points,
and 109 pieces of gold, after 1522 moves.
You were level 5 with a maximum of 60 hit points when you died.

